 Dungeon Crawl Stone Soup version 0.19.4-8-ga85b6b9 (webtiles) character file.

450 BlackRum the Firebug (level 6, 0/38 HPs)
             Began as a Demonspawn Fire Elementalist on Feb 10, 2017.
             Was an Initiate of Hepliaklqana.
             Slain by a hound (4 damage)
             ... on level 4 of the Dungeon.
             The game lasted 00:32:40 (4482 turns).

BlackRum the Firebug (Demonspawn Fire Elementalist) Turns: 4482, Time: 00:32:41

Health: 0/38       AC:  6    Str:  8    XL:     6   Next: 74%
Magic:  4/10       EV: 13    Int: 16    God:    Hepliaklqana [......]
Gold:   196        SH:  0    Dex: 16    Spells: 2 memorised, 8 levels left

rFire  . . .     SeeInvis .     h - +1 shortbow
rCold  + . .     Gourm    .     a - +1 robe
rNeg   . . .     Faith    .     (shield currently unavailable)
rPois  .         Spirit   .     (no helmet)
rElec  .         Reflect  .     (no cloak)
rCorr  .         Harm     .     (no gloves)
MR     .....                    (no boots)
Stlth  ++........               (no amulet)
                                (no ring)
                                (no ring)

@: lethally poisoned (0 -> -4), very slightly contaminated
A: reduced essence, molten scales 2, cold resistance 1
a: Recall Ancestor, Ancestor Identity, Renounce Religion


You were on level 4 of the Dungeon.
You worshipped Hepliaklqana.
Hepliaklqana was noncommittal.
You were not hungry.

You visited 2 branches of the dungeon, and saw 6 of its levels.

You collected 196 gold pieces.

Inventory:

Hand Weapons
 d - a +0 dagger
 h - a +1 shortbow (weapon)
Missiles
 i - 63 arrows (quivered)
 k - a tomahawk
Armour
 a - a +1 robe (worn)
Wands
 l - a wand of digging (21/24)
 o - a wand of slowing (30/48)
Scrolls
 e - 4 scrolls of identify
 p - a scroll of remove curse {unknown}
 q - 2 scrolls of magic mapping {unknown}
Potions
 g - a potion of degeneration {unknown}
 m - a potion of brilliance {unknown}
Books
 b - a book of Flames

   Spells                             Type                      Level
   a - Flame Tongue                   Conjuration/Fire             1
   b - Throw Flame                    Conjuration/Fire             2
   c - Conjure Flame                  Conjuration/Fire             3
   d - Inner Flame                    Hexes/Fire                   3
   e - Sticky Flame                   Conjuration/Fire             4
   f - Fireball                       Conjuration/Fire             5
Comestibles
 c - 2 bread rations
 j - 9 fruits
 n - 2 meat rations


   Skills:
 + Level 1.3 Fighting
 + Level 0.1 Short Blades
 + Level 2.7 Bows
 + Level 2.2 Throwing
 + Level 2.3 Dodging
 + Level 1.8 Stealth
 + Level 3.1 Spellcasting
 + Level 2.2 Conjurations
 + Level 4.1 Fire Magic


You had 8 spell levels left.
You knew the following spells:

 Your Spells              Type           Power        Failure   Level  Hunger
a - Flame Tongue          Conj/Fire      ##...        8%          1    None
b - Throw Flame           Conj/Fire      ##....       10%         2    ##.....


Dungeon Overview and Level Annotations

Branches:
Dungeon (5/15)             Temple (1/1) D:4

Altars:
Dithmenos
Elyvilon
Hepliaklqana
Kikubaaqudgha
Makhleb
Qazlal
Trog
Uskayaw
Yredelemnul

Annotations:
D:3 Elizilla's ghost, amateur FoFi


Innate Abilities, Weirdness & Mutations

You are mostly covered in molten scales. (AC +3)
Your flesh is cold resistant. (rC+)
Your life essence is reduced. (-10% HP)


Message History

Casting: Flame Tongue
Confirm with . or Enter, or press ? or * to list all spells.
Aiming: Flame Tongue
Press: ? - help, Shift-Dir - straight line, f/p - hound
Aim: a hound (moderately wounded)
The flame tongue hits the hound.
The hound is severely wounded.
You feel sick. The hound barely misses you. The worker ant barely misses you.
The hound completely misses you.
Casting: Flame Tongue
Confirm with . or Enter, or press ? or * to list all spells.
Aiming: Flame Tongue
Press: ? - help, Shift-Dir - straight line, f/p - hound
Aim: a hound (severely wounded)
The flame tongue hits the hound.
The hound is almost dead.
The worker ant bites you.
* * * LOW HITPOINT WARNING * * *
The hound bites you.
You die...

........#..## #...# ##..#
..........## ##..## #..#
.........## #...### ##.#
........## #.....### ##..#
........# ##......###...#
.....>..# #............#
.......## ##............##
#......# ##..............##
##...(.## ##@..........<.....
##...(..### ##a.h...............
#....##...####...................
.....##............(###...######.
.....##...........### #..## #.
#...............### ##..# ##
##.............## #..# #
...............# ##.# #
...............# #.#######


You could see a hound and a worker ant.

Vanquished Creatures
  A centaur (D:1)
  A phantom (D:4)
  2 hounds
  A centaur skeleton (D:4)
  A worker ant (D:4)
  Robin (D:2)
  3 gnolls (D:2)
  5 adders
  An ooze (D:3)
  2 worms
  3 orcs
  A ball python (D:1)
  5 bats
  6 giant cockroaches
  18 goblins
  9 hobgoblins
  5 jackals
  3 quokkas
  A frilled lizard (D:2)
  2 kobolds
  9 rats
80 creatures vanquished.

Notes
Turn   | Place    | Note
-------+----------+-------------------------------------------
     0 | D:1      | BlackRum the Demonspawn Fire Elementalist began the quest for the Orb.
     0 | D:1      | Reached XP level 1. HP: 13/13 MP: 3/3
   268 | D:1      | Gained mutation: You are partially covered in molten scales. (AC +2) [demonic ancestry]
   268 | D:1      | Reached XP level 2. HP: 19/19 MP: 3/5
   469 | D:1      | Reached skill level 3 in Fire Magic
   496 | D:1      | Learned a level 2 spell: Throw Flame
   904 | D:1      | Reached skill level 1 in Throwing
  1042 | D:2      | Noticed Robin
  1110 | D:2      | Reached XP level 3. HP: 24/24 MP: 6/6
  1161 | D:2      | Killed Robin
  1217 | D:1      | Noticed a centaur
  1224 | D:1      | Killed a centaur
  1224 | D:1      | Gained mutation: You are mostly covered in molten scales. (AC +3) [demonic ancestry]
  1224 | D:1      | Reached XP level 4. HP: 21/30 MP: 1/7
  1615 | D:2      | Gained mutation: Your flesh is cold resistant. (rC+) [demonic ancestry]
  1615 | D:2      | Reached XP level 5. HP: 35/35 MP: 9/9
  2061 | D:2      | Reached skill level 1 in Bows
  2250 | D:2      | Found a burning altar of Makhleb.
  2304 | D:2      | Became a worshipper of Makhleb the Destroyer
  2785 | D:3      | Reached skill level 1 in Fighting
  2873 | D:3      | Reached XP level 6. HP: 43/43 MP: 6/10
  3027 | D:3      | Noticed Elizilla's ghost (amateur FoFi)
  3598 | D:4      | Reached skill level 4 in Fire Magic
  3679 | D:4      | Found a staircase to the Ecumenical Temple.
  3744 | Temple   | Entered the Ecumenical Temple
  3784 | Temple   | Fell from the grace of Makhleb
  3784 | Temple   | Became a worshipper of Hepliaklqana the Forgotten
  4455 | D:5      | Entered Level 5 of the Dungeon
  4482 | D:4      | Slain by a hound

Skill      XL: |  1  2  3  4  5  6 |
---------------+-------------------+-----
Fire Magic     | 3 4 |  4.1
Throwing       | 1 2 |  2.2
Dodging        | 2 |  2.3
Bows           | 1 2 |  2.7
Fighting       | 1 |  1.3
Spellcasting   | 3 |  3.1
Conjurations   | 2 |  2.2
Short Blades   | |  0.1
Stealth        | |  1.8

Action                   |  1- 3 |  4- 6 || total
-------------------------+-------+-------++-------
Melee: Dagger            |    22 |       ||    22
       Shortbow          |       |    10 ||    10
 Fire: Shortbow          |       |   109 ||   109
Throw: Tomahawk          |    38 |       ||    38
 Cast: Flame Tongue      |    32 |    78 ||   110
  Use: Scroll            |     3 |     6 ||     9
       Potion            |     2 |     1 ||     3
  Eat: Bread ration      |     1 |       ||     1
       Beef jerky        |       |     2 ||     2
       Meat ration       |       |     1 ||     1
Armor: Robe              |    15 |    22 ||    37
Dodge: Dodged            |    34 |    66 ||   100
